 Dungeon Crawl Stone Soup version 0.30-a0-587-gfd7c166f36 (webtiles) character file.

Game seed: 17554807127431849617

11 Bnni the Vexing (level 2, 21/21 HPs)
             Began as a Formicid Hexslinger on Jan 4, 2023.
             Was a Follower of Lugonu.
             Quit the game on level 1 of the Dungeon.
             The game lasted 00:00:33 (282 turns).

Bnni the Vexing (Formicid Hexslinger)                Turns: 282, Time: 00:00:33

Health: 21/21      AC:  2    Str: 14    XL:     2   Next: 40%
Magic:  3/3        EV: 12    Int: 12    God:    Lugonu [*.....]
Gold:   24         SH:  0    Dex: 14    Spells: 2/3 levels left

rFire   . . .      SeeInvis +    a - +1 sling
rCold   . . .      Faith    .    (no shield)
rNeg    . . .      Spirit   .    c - +0 robe
rPois   .          Reflect  .    (helmet unavailable)
rElec   .          Harm     .    (no cloak)
rCorr   .          Rampage  .    (no gloves)
Will    .....                    (no boots)
Stlth   +                        (no amulet)
HPRegen 0.23/turn                (no ring)
MPRegen 0.08/turn                (no ring)

@: no status effects
A: permanent stasis, dig shafts and tunnels, antennae 3, four strong arms
a: Dig, Shaft Self, Renounce Religion, Depart the Abyss


You were on level 1 of the Dungeon.
You worshipped Lugonu.
Lugonu was aware of your devotion.
You visited 1 branch of the dungeon, and saw 1 of its levels.

You collected 24 gold pieces.

Inventory:

Hand Weapons
 a - a +1 sling (weapon)
Armour
 c - a +0 robe (worn)
Scrolls
 b - a scroll of poison
 d - a scroll of immolation {unknown}
 f - a scroll of enchant armour {unknown}
Potions
 e - a potion of heal wounds {unknown}


   Skills:
 + Level 1.2 Fighting
 * Level 2.2 Ranged Weapons
 - Level 1.7 Dodging
 + Level 1.2 Spellcasting
 * Level 3.8 Hexes
 * Level 0.8 Fire Magic


You had 2 spell levels left.
You knew the following spells:

 Your Spells              Type           Power      Damage    Failure   Level
a - Slow                  Hex            40%        N/A       6%          1

Your spell library contained the following spells:

 Spells                   Type           Power      Damage    Failure   Level
 Inner Flame              Hex/Fire       6%         N/A       32%         3
 Portal Projectile        Hex/Tloc       10%        N/A       38%         3
 Cause Fear               Hex            5%         N/A       52%         4


Dungeon Overview and Level Annotations

Branches:
Dungeon (1/15)

Altars:
Lugonu


Innate Abilities, Weirdness & Mutations

You cannot be hasted, slowed, berserked, paralysed or teleported.
You can dig through walls and to a lower floor.
You have a pair of large antennae on your head. (SInv)
Your four strong arms can wield two-handed weapons with a shield.


Message History

You shoot a sling bullet. The sling bullet hits the quokka.
You kill the quokka!
You see here a quokka corpse.
An endoplasm comes into view.
You shoot a sling bullet. The sling bullet hits the endoplasm.
The endoplasm is lightly wounded.
An endoplasm is nearby!
You shoot a sling bullet. The sling bullet hits the endoplasm!
You kill the endoplasm!
You see here a quokka corpse.
You now have 11 gold pieces.
f - a scroll labelled GEGASI FUMPUEW No target in view!
You see here a scarf of resistance.
No target in view!
You open the door.
There is an open door here.
You now have 24 gold pieces (gained 13).
Found a faded altar of an unknown god.
There is an empty arch of ancient stone here.
No target in view!
You sense a monster nearby.
No target in view!
An endoplasm comes into view.
The endoplasm quivers.
You shoot a sling bullet. The sling bullet hits the endoplasm.
The endoplasm is severely wounded.
You shoot a sling bullet. The sling bullet hits the endoplasm.
You kill the endoplasm!
No target in view!
Search for what [? for help]? alt
There is a dry fountain here.
There is a faded altar of an unknown god here.
There are no items here.
This altar belongs to (a) Kikubaaqudgha, (b) Lugonu or (c) Okawaru, but you can't tell which.
Press the corresponding letter to learn more about a god, or press enter to convert or escape to cancel.
Lugonu accepts your prayer! Lugonu welcomes you!
You can now depart the Abyss.
Okay, then.
Are you sure you want to abandon this character and quit the game? (Confirm with "yes".)

... #... ##.. #..# ...
##..# # #... ..###...#
.# #..####...#..####..#
#... #8.⌠..#......
#..####..⌠.#...## ##
#..#8#@#...#....## ##.
##.#...#∩#8#......####..
#..#.⌠..###.......'.....
#..#..⌠.8#........####..
#.#.#...##.......## ##.
#.##.###.##.....## #.
#.#### #####...## #. #.#
##+## ## #.#


There were no monsters in sight!

Vanquished Creatures
  4 endoplasms (D:1)
  A giant cockroach (D:1)
  A goblin (D:1)
  A hobgoblin (D:1)
  A quokka (D:1)
  A kobold (D:1)
9 creatures vanquished.

Notes
Turn   | Place    | Note
-------+----------+-------------------------------------------
     0 | D:1      | Bnni the Formicid Hexslinger began the quest for the Orb.
     0 | D:1      | Reached XP level 1. HP: 15/15 MP: 2/2
   111 | D:1      | Reached XP level 2. HP: 21/21 MP: 3/3
   242 | D:1      | Found a faded altar of an unknown god.
   281 | D:1      | Prayed at the altar of an unknown god.
   281 | D:1      | Became a worshipper of Lugonu the Unformed
   281 | D:1      | Reached * piety under Lugonu
   282 | D:1      | Quit the game

Illustrated notes

Levels and vault maps discovered:
D:1:      scummos_arrival_hexagon, layout_loops_corners,
          shapermc_ecumenical_altar_venn, minmay_vboxes

Action                   || total
-------------------------++-------
 Fire: Sling             ||    15
Armor: Robe              ||     1

Table legend: (Time is in decaauts)
 A = Elapsed time spent in this place.
 B = Non-inter-level travel time spent in this place.
 C = Inter-level travel time spent in this place.
 D = Time resting spent in this place.
 E = Time spent auto-exploring this place.
 F = Levels seen in this place.
 G = Mean time per level.
                   A        B        C        D        E       F      G
               +--------+--------+--------+--------+--------+-----+--------+
         Total |    286 |    271 |     15 |      0 |    231 |   1 |  286.0 |
       Dungeon |    286 |    271 |     15 |      0 |    231 |   1 |  286.0 |
               +--------+--------+--------+--------+--------+-----+--------+

Top non-repeatable levels by time:
     D:1: 286 daAuts
